 Dungeon Crawl Stone Soup version 0.28-a0-312-gbced6e68ee (webtiles) character file.

Game seed: 14084962919862401924

10292 Colgate the Imperceptible (level 11, 0/64 HPs)
             Began as a Vampire Brigand on Aug 31, 2021.
             Was an Elder of Wu Jian.
             Slain by a vampire mosquito (4 damage)
             ... on level 11 of the Dungeon.
             The game lasted 02:27:02 (14777 turns).

Colgate the Imperceptible (Vampire Brigand)        Turns: 14777, Time: 02:27:03

Health: 0/64       AC:  5    Str: 15    XL:     11   Next: 34%
Magic:  17/17      EV: 12    Int: 24    God:    Wu Jian [****..]
Gold:   684        SH:  0    Dex: 16    Spells: 3/18 levels left

rFire   + . .      SeeInvis +   b - +6 quick blade
rCold   + . .      Faith    .   (no shield)
rNeg    + . .      Spirit   .   u - +2 robe {Archmagi}
rPois   +          Reflect  .   D - -2 hat of the Alchemist {rElec rPois rF+ rC+ rN+ Will+ rMut rCorr}
rElec   +          Harm     .   c - +0 cloak
rCorr   +          Rampage  .   M - +1 pair of gloves
rMut    +          Archmagi +   (no boots)
Will    ++...                   (no amulet)
Stlth   ++++++++..              N - ring "Jisis" {Wiz Int+7}
HPRegen 0.40/turn               C - ring of Wuimuc {rCorr Str+5}
MPRegen 0.15/turn

@: exhausted, marked, healing quickly
A: alive, fangs 3, see invisible, vampiric 2, [frail 1]
a: Exsanguinate, Renounce Religion, Wall Jump, Serpent's Lash


You were on level 11 of the Dungeon.
You worshipped Wu Jian.
Wu Jian was greatly pleased with you.
You visited 1 branch of the dungeon, and saw 11 of its levels.
You also visited: Ossuary.

You collected 684 gold pieces.

Inventory:

Hand Weapons
 a - a +1 dagger of draining
 b - a +6 quick blade (weapon)
Missiles
 d - 31 poisoned darts
 e - 3 curare-tipped darts
 f - 322 stones
 s - 5 boomerangs
 t - 163 sling bullets
 A - 4 javelins
Armour
 c - a +0 cloak (worn)
 r - a +2 helmet
 u - a +2 robe of the Archmagi (worn)
 D - the -2 hat of the Alchemist (worn) {rElec rPois rF+ rC+ rN+ Will+ rMut rCorr}
   (You acquired it on level 8 of the Dungeon)

   rF:        It protects you from fire.
   rC:        It protects you from cold.
   rElec:     It insulates you from electricity.
   rPois:     It protects you from poison.
   rN:        It protects you from negative energy.
   rCorr:     It protects you from acid and corrosion.
   rMut:      It protects you from mutation.
   Will:      It increases your willpower.
 M - a +1 pair of gloves (worn)
Magical Staves
 j - a staff of poison
Jewellery
 h - a ring of protection from cold
 p - an amulet of faith
 x - a ring of fire
 C - the ring of Wuimuc (right hand) {rCorr Str+5}
   (You found it on level 5 of the Dungeon)

   [ring of resist corrosion]

   Str:       It affects your strength (+5).
   rCorr:     It protects you from acid and corrosion.
 N - the ring "Jisis" (left hand) {Wiz Int+7}
   (You found it on level 8 of the Dungeon)

   [ring of wizardry]

   It improves your spell success rate.
   Int:       It affects your intelligence (+7).
Wands
 y - a wand of charming (8)
 E - a wand of digging (4)
 F - a wand of flame (40)
 J - a wand of acid (13)
 L - a wand of paralysis (16)
 R - a wand of iceblast (14)
Scrolls
 g - 3 scrolls of teleportation
 i - a scroll of summoning
 v - a scroll of enchant weapon {unknown}
 z - 2 scrolls of vulnerability
 B - 2 scrolls of noise
 O - 2 scrolls of blinking
 P - a scroll of amnesia
 Q - a scroll of immolation {unknown}
Potions
 k - 3 potions of heal wounds {unknown}
 l - 8 potions of might
 m - a potion of haste
 n - 3 potions of lignification
 o - a potion of magic {unknown}
 q - 4 potions of degeneration
 w - 2 potions of cancellation
 G - 2 potions of attraction
 H - 2 potions of flight {unknown}
 I - 5 potions of brilliance
 K - 7 potions of curing
 S - a potion of invisibility {unknown}
Miscellaneous
 T - a lightning rod (4/4)


   Skills:
 - Level 1.7 Fighting
 - Level 4.2 Short Blades
 - Level 1.5 Throwing
 - Level 1.1 Dodging
 + Level 21.3 Stealth
 - Level 4.1 Spellcasting
 - Level 2.3 Conjurations
 - Level 1.0 Summonings
 - Level 2.0 Necromancy
 - Level 4.0 Air Magic
 - Level 4.0 Poison Magic


You had 3 spell levels left.
You knew the following spells:

 Your Spells              Type           Power      Damage    Failure   Level
a - Shock                 Conj/Air       100%       1d9       1%          1
b - Mephitic Cloud        Conj/Pois/Air  32%        N/A       2%          3
c - Animate Skeleton      Necr           44%        N/A       1%          1
d - Swiftness             Air            36%        N/A       2%          3
e - Poisonous Vapours     Pois/Air       72%        N/A       1%          2
f - Call Imp              Summ           14%        N/A       4%          2
g - Vampiric Draining     Necr           11%        2d7       4%          3

Your spell library contained the following spells:

 Spells                   Type           Power      Damage    Failure   Level
 Magic Dart               Conj           96%        1d7       1%          1
 Pain                     Necr           88%        1d8       1%          1
 Sting                    Tmut/Pois      84%        1d7       1%          1
 Stone Arrow              Conj/Erth      30%        3d8       8%          3
 Frozen Ramparts          Ice            14%        1d3       12%         3
 Airstrike                Air            18%        N/A       8%          4
 Olgreb's Toxic Radiance  Pois           36%        N/A       8%          4
 Summon Ice Beast         Ice/Summ       11%        N/A       30%         4
 Ice Form                 Ice/Tmut       7%         N/A       34%         4
 Agony                    Necr           22%        N/A       41%         5
 Excruciating Wounds      Necr           11%        N/A       41%         5
 Bolt of Magma            Conj/Fire/Erth 6%         4d6       58%         5
 Shatter                  Erth           3%         3d7*      100%        9


Dungeon Overview and Level Annotations

Branches:
Dungeon (11/15)            Temple (0/1) D:6            Lair (0/6) D:8
Ossuary (visited)
    Orc: D:9-12

Altars:
Gozag
Hepliaklqana
Kikubaaqudgha
Wu Jian

Annotations:
D:7 2 transporters, Bapho's ghost, novice TrFi
D:9 3 runed translucent doors, Zigma's ghost, novice DrTm


Innate Abilities, Weirdness & Mutations

Your natural rate of healing is accelerated.
You have razor-sharp teeth.
You have supernaturally acute eyesight. (SInv)
You are afflicted with vampirism and can become a bat while bloodless.
[You are frail. (-10% HP)]


Message History

The vampire mosquito misses you. The vampire mosquito bites you!
The vampire mosquito draws strength from your injuries!
The vampire mosquito bites you.
The vampire mosquito draws strength from your injuries!
The vampire mosquito barely misses you.
The vampire mosquito closely misses you.
The vampire mosquito bites you but does no damage.
The vampire mosquito bites you.
* * * LOW HITPOINT WARNING * * *
The vampire mosquito draws strength from your injuries!
Your crimson imp hits the vampire mosquito.
Okay, then.
Okay, then.
Okay, then.
Okay, then.
The vampire mosquito bites you!
* * * LOW HITPOINT WARNING * * *
The vampire mosquito draws strength from your injuries!
The vampire mosquito barely misses you.
Unknown command.
Aiming: Wall Jump
Press: ? - help, Dir - move target You repeatedly attack the vampire mosquito from above.
You hit the vampire mosquito.
The vampire mosquito is moderately damaged.
You closely miss the vampire mosquito.
The vampire mosquito is moderately damaged.
You completely miss the vampire mosquito.
The vampire mosquito is moderately damaged.
You hit the vampire mosquito.
The vampire mosquito is heavily damaged.
The vampire mosquito barely misses you. The vampire mosquito bites you!
* * * LOW HITPOINT WARNING * * *
The vampire mosquito draws strength from your injuries!
The vampire mosquito bites you.
* * * LOW HITPOINT WARNING * * *
The vampire mosquito draws strength from your injuries!
Your crimson imp closely misses the vampire mosquito.
The vampire mosquito bites you.
You die...

###.........................#
#...........y.............#
#.........................#
#.#####...........#######..
#.# #...y.......# #.#
#......... #.# #....######
#.# #....'†°○○# #.#
#....#5y@°# +.# #....#.y○○#
##.#####....#....#
..........†.#....#
..........5.#.....#
............#.....#
............#.....#
............#######..
...............y.....


You could see 2 vampire mosquitoes and a friendly crimson imp (summoned).

Vanquished Creatures
  A centaur warrior (D:9)
  2 two-headed ogres
  Joseph (D:7)
  A gargoyle (D:8)
  A kobold demonologist (D:10)
  2 hornets
  2 wraiths
  2 shadows
  7 yaks (D:10)
  2 vampire mosquitoes (D:11)
  Eustachio (D:4)
  3 wargs (D:8)
  A steam dragon (D:7)
  Duvessa (D:6)
  2 orc warriors
  3 ice beasts
  A necrophage (D:4)
  4 ogres
  4 centaurs
  2 phantoms
  A gnoll sergeant (D:9)
  5 bullfrogs
  3 kobold brigands
  11 scorpions
  Blork the orc (D:6)
  A water moccasin zombie (D:5)
  Dowan (D:6)
  A water moccasin skeleton (D:7)
  7 killer bees
  4 howler monkeys
  A human zombie (Ossuary)
  3 centaur zombies
  3 hounds
  3 jellies
  3 orc priests
  A centaur skeleton (D:4)
  Crazy Yiuf (D:3)
  5 scorpion zombies (Ossuary)
  6 orc wizards
  4 iguanas
  A hound skeleton (D:5)
  3 mummies (Ossuary)
  Robin (D:2)
  2 howler monkey zombies (D:7)
  6 gnolls
  7 adders
  3 shadow imps
  2 worms (D:2)
  2 dart slugs
  23 orcs
  9 endoplasms
  3 giant cockroaches
  3 gnoll zombies (Ossuary)
  16 goblins
  6 hobgoblins
  5 jackals
  45 kobolds
  6 quokkas
  5 ball pythons
  6 bats
  2 frilled lizards
  4 goblin zombies (Ossuary)
  A hobgoblin zombie (Ossuary)
  4 kobold skeletons (D:10)
  10 kobold zombies
  4 orc zombies (Ossuary)
  5 rats
292 creatures vanquished.

Vanquished Creatures (collateral kills)
  A killer bee (D:10)
  An adder (D:5)
  An orc (D:10)
  11 kobolds
  3 kobold skeletons (D:10)
  4 kobold zombies (D:10)
21 creatures vanquished.

Vanquished Creatures (others)
  An adder (D:4)
  73 plants
74 creatures vanquished.

Grand Total: 387 creatures vanquished

Notes
Turn   | Place    | Note
-------+----------+-------------------------------------------
     0 | D:1      | Colgate the Vampire Brigand began the quest for the Orb.
     0 | D:1      | Reached XP level 1. HP: 16/16 MP: 1/1
    79 | D:1      | Reached skill level 6 in Stealth
   141 | D:1      | Reached XP level 2. HP: 14/17 MP: 2/2
   254 | D:1      | Reached skill level 7 in Stealth
   638 | D:1      | Found a faded altar of an unknown god.
   647 | D:1      | Became a worshipper of the Wu Jian Council
   647 | D:1      | Reached * piety under Wu Jian
   708 | D:1      | Gained mutation: You are afflicted with vampirism and can
                  | become a bat while bloodless. [Vampire growth]
   708 | D:1      | Reached XP level 3. HP: 21/21 MP: 3/3
  1131 | D:2      | Reached skill level 8 in Stealth
  1178 | D:2      | Noticed Robin
  1192 | D:2      | Reached skill level 1 in Air Magic
  1216 | D:2      | Reached ** piety under Wu Jian
  1421 | D:2      | Reached XP level 4. HP: 26/26 MP: 4/4
  1462 | D:2      | Reached skill level 1 in Poison Magic
  1553 | D:2      | Killed Robin
  1655 | D:2      | Reached skill level 1 in Conjurations
  2263 | D:3      | Found a runed translucent door.
  2264 | D:3      | Noticed Crazy Yiuf
  2270 | D:3      | Killed Crazy Yiuf
  2271 | D:3      | Reached XP level 5. HP: 30/30 MP: 5/5
  2273 | D:3      | Learned a level 1 spell: Magic Dart
  2850 | D:3      | Reached skill level 1 in Spellcasting
  3868 | D:4      | Noticed an ogre
  3870 | D:4      | Killed an ogre
  3871 | D:4      | Reached XP level 6. HP: 35/35 MP: 7/7
  3886 | D:4      | Reached *** piety under Wu Jian
  3909 | D:4      | Noticed Eustachio
  3923 | D:4      | Killed Eustachio
  4227 | D:4      | Reached XP level 7. HP: 39/39 MP: 11/11
  4231 | D:4      | Learned a level 3 spell: Mephitic Cloud
  4821 | D:4      | Found a hazy altar of Hepliaklqana.
  4870 | D:5      | Entered Level 5 of the Dungeon
  4876 | D:5      | Identified the ring of Wuimuc {rCorr Str+5}
  4936 | D:5      | Learned a level 1 spell: Animate Skeleton
  5087 | D:5      | Reached XP level 8. HP: 31/44 MP: 13/13
  5206 | D:5      | Reached skill level 9 in Stealth
  5367 | D:5      | Learned a level 3 spell: Swiftness
  5588 | D:5      | Reached skill level 10 in Stealth
  6115 | D:4      | Found a hazy altar of Hepliaklqana.
  7001 | D:5      | Reached **** piety under Wu Jian
  7506 | D:5      | Reached skill level 11 in Stealth
  8026 | D:6      | Reached skill level 12 in Stealth
  8055 | D:6      | Learned a level 2 spell: Poisonous Vapours
  8057 | D:6      | Noticed Blork the orc
  8059 | D:6      | Killed Blork the orc
  8084 | D:6      | Reached skill level 13 in Stealth
  8217 | D:6      | Noticed Duvessa
  8219 | D:6      | Noticed Dowan
  8219 | D:6      | Killed Duvessa
  8227 | D:6      | Killed Dowan
  8368 | D:6      | Reached XP level 9. HP: 48/48 MP: 10/14
  8455 | D:6      | Found a staircase to the Ecumenical Temple.
  8783 | D:7      | Reached skill level 14 in Stealth
  9132 | D:7      | Noticed Bapho's ghost (novice TrFi)
  9146 | D:7      | Found a transporter.
  9199 | D:7      | Found a transporter.
  9237 | D:7      | Reached skill level 15 in Stealth
  9308 | D:7      | Noticed Joseph
  9309 | D:7      | Killed Joseph
  9310 | D:7      | Reached skill level 16 in Stealth
  9406 | D:7      | Reached skill level 1 in Necromancy
  9519 | D:8      | Identified 2 scrolls of acquirement
  9527 | D:8      | Acquired a +6 quick blade
  9597 | D:8      | Found a sand-covered staircase.
  9606 | Ossuary  | Entered an ossuary
  9632 | Ossuary  | Learned a level 1 spell: Shock
  9965 | Ossuary  | Reached skill level 17 in Stealth
  9966 | Ossuary  | Reached ***** piety under Wu Jian
 10306 | Ossuary  | Reached XP level 10. HP: 53/53 MP: 15/15
 10395 | D:8      | Identified the ring "Jisis" {Wiz Int+7}
 10411 | D:8      | Learned a level 2 spell: Call Imp
 10450 | D:8      | Learned a level 3 spell: Vampiric Draining
 10542 | D:8      | Found a staircase to the Lair.
 10590 | D:8      | Noticed a gargoyle
 11705 | D:8      | Killed a gargoyle
 11706 | D:8      | Reached skill level 18 in Stealth
 12196 | D:9      | Noticed a two-headed ogre
 12727 | D:9      | Found a runed translucent gate.
 12727 | D:9      | Found a runed translucent gate.
 12727 | D:9      | Found a runed translucent gate.
 12728 | D:9      | Noticed a skeletal warrior
 12729 | D:9      | Found an opulent altar of Gozag.
 12729 | D:9      | Noticed Zigma's ghost (novice DrTm)
 12731 | D:9      | Noticed an ice dragon
 12839 | D:9      | Killed a two-headed ogre
 12840 | D:9      | Reached skill level 19 in Stealth
 13039 | D:9      | Noticed a centaur warrior
 13042 | D:9      | Reached skill level 1 in Summonings
 13048 | D:9      | Killed a centaur warrior
 13049 | D:9      | Reached skill level 20 in Stealth
 13273 | D:10     | Entered Level 10 of the Dungeon
 13349 | D:10     | Found an ancient bone altar of Kikubaaqudgha.
 13656 | D:10     | Reached XP level 11. HP: 57/57 MP: 16/16
 14085 | D:10     | Noticed a two-headed ogre
 14087 | D:10     | Killed a two-headed ogre
 14088 | D:10     | Reached skill level 21 in Stealth
 14603 | D:11     | Acquired the -2 hat of the Alchemist {rElec rPois rF+ rC+
                  | rN+ Will+ rMut rCorr}
 14603 | D:11     | Found the -2 hat of the Alchemist {rElec rPois rF+ rC+ rN+
                  | Will+ rMut rCorr}
 14777 | D:11     | Slain by a vampire mosquito

Illustrated notes

Levels and vault maps discovered:
D:1:      evilmike_arrival_crescent, layout_loops_ring,
          ebering_ecumenical_altar_mist
D:2:      layout_loops_cross, st_stairs_10, uniq_robin
D:3:      layout_loops_ring, uniq_crazy_yiuf_cottage
D:4:      layout_loops_ring, mainiacjoe_overflow_boulevard, serial_bayou,
          serial_bayou_pond_c, serial_bayou_pond_c, serial_bayou_pond_e,
          serial_bayou_crossing, uniq_eustachio
D:5:      kennysheep_kobold_camp, layout_basic, nrook_mini_backslash,
          minmay_misc_feat_ornament
D:6:      layout_loops_ring, minmay_temple_entry_sparse_star, uniq_duvessa,
          uniq_blork_the_orc
D:7:      layout_gridville, gammafunk_ghost_arena, uniq_joseph
D:8:      layout_layer_cave, erik_lair_orcish_takeover,
          lightli_ossuary_entry_decrepit_ruins, minmay_misc_feat_rugged
D:9:      layout_loops_ring, ebering_ghost_gozag, grunt_ministairs_1
D:10:     wander_kiku_kobolds, layout_irregular_city, serial_park_tiny_2,
          moated_statue, kennysheep_generic_room_14
D:11:     layout_irregular_city, uniq_josephine

Skill      XL: |  1  2  3  4  5  6  7  8  9 10 11 |
---------------+----------------------------------+-----
Stealth        | 6 7 8 13 17 20 21 | 21.3
Air Magic      | 1 2 3 4 |  4.0
Poison Magic   | 1 2 4 |  4.0
Conjurations   | 1 2 |  2.3
Spellcasting   | 1 2 3 4 |  4.1
Necromancy     | 2 |  2.0
Short Blades   | 3 4 |  4.2
Summonings     | 1 |  1.0
Fighting       | |  1.7
Throwing       | |  1.5
Dodging        | |  1.1

Action                   |  1- 3 |  4- 6 |  7- 9 | 10-12 || total
-------------------------+-------+-------+-------+-------++-------
Melee: Dagger            |    98 |    43 |   128 |    85 ||   354
       Bite              |     5 |     5 |    24 |    34 ||    68
       Quarterstaff      |       |    38 |    41 |       ||    79
       Quick blade       |       |       |    64 |   215 ||   279
Throw: Dart              |       |     1 |       |       ||     1
 Cast: Mephitic Cloud    |       |       |    33 |    21 ||    54
       Animate Skeleton  |       |       |    17 |    41 ||    58
       Shock             |       |       |     3 |       ||     3
       Call Imp          |       |       |       |     9 ||     9
       Vampiric Draining |       |       |       |     6 ||     6
       Poisonous Vapours |       |       |       |     3 ||     3
Invok: Lunge             |    18 |    21 |    56 |    37 ||   132
       Whirlwind         |     5 |     8 |    30 |    53 ||    96
       Serpent's Lash    |       |       |     2 |     3 ||     5
       Heavenly Storm    |       |       |       |     2 ||     2
 Abil: Exsanguinate      |     1 |       |       |       ||     1
       Wall Jump         |     2 |    22 |    49 |    24 ||    97
       End Transformatio |       |       |     1 |       ||     1
       Bat Form          |       |       |     1 |       ||     1
       Revivify          |       |       |       |     2 ||     2
Evoke: Wand              |       |       |       |     2 ||     2
  Use: Scroll            |       |       |    12 |     6 ||    18
 Stab: Sleeping          |    24 |    19 |    52 |    25 ||   120
       Distracted        |       |     3 |     2 |     4 ||     9
       Confused          |       |       |    15 |    23 ||    38
Armor: Robe              |    16 |    21 |    31 |    36 ||   104
Dodge: Dodged            |    24 |    35 |    84 |   115 ||   258

Table legend: (Time is in decaauts)
 A = Elapsed time spent in this place.
 B = Non-inter-level travel time spent in this place.
 C = Inter-level travel time spent in this place.
 D = Time resting spent in this place.
 E = Time spent auto-exploring this place.
 F = Levels seen in this place.
 G = Mean time per level.
                   A        B        C        D        E       F      G
               +--------+--------+--------+--------+--------+-----+--------+
         Total |  14909 |  14510 |    399 |   1087 |  10383 |  12 | 1242.4 |
       Dungeon |  14128 |  13729 |    399 |    805 |  10274 |  11 | 1284.4 |
       Ossuary |    780 |    780 |      0 |    282 |    109 |   1 |  780.0 |
               +--------+--------+--------+--------+--------+-----+--------+

Top non-repeatable levels by time:
     D:5: 2103 daAuts
     D:4: 2061 daAuts
     D:3: 1885 daAuts
     D:8: 1836 daAuts
    D:10: 1093 daAuts
     D:9: 1040 daAuts
     D:1: 1006 daAuts
     D:2: 977 daAuts
     D:7: 892 daAuts
     D:6: 801 daAuts
 Ossuary: 780 daAuts
    D:11: 429 daAuts
